 Dungeon Crawl Stone Soup version 0.29-a0-9-g022ca4c890 (webtiles) character file.

Game seed: 4863645809475094083

82 cyrus the Insei (level 4, 0/28 HPs)
             Began as an Octopode Transmuter on Jan 27, 2022.
             Was a Believer of Lugonu.
             Slain by a centaur (5 damage)
             ... on level 3 of the Dungeon.
             The game lasted 00:11:08 (3790 turns).

cyrus the Insei (Octopode Transmuter)               Turns: 3790, Time: 00:11:10

Health: 0/28       AC:  2    Str: 11    XL:     4   Next: 43%
Magic:  4/7        EV: 19    Int: 15    God:    Lugonu [**....]
Gold:   66         SH:  0    Dex: 17    Spells: 0/8 levels left

rFire   . . .      SeeInvis .     - Unarmed
rCold   . . .      Faith    .   (shield currently unavailable)
rNeg    . . .      Spirit   .   (helmet currently unavailable)
rPois   x          Reflect  .   (no amulet)
rElec   .          Harm     .   (no ring)
rCorr   .          Rampage  .   (no ring)
Will    .....                   (no ring)
Stlth   ++........              (no ring)
HPRegen 0.09/turn               (no ring)
MPRegen 0.10/turn               (no ring)
                                (no ring)
                                (no ring)

@: spider-form (expiring)
A: venomous fangs, almost no armour, (amphibious), 8 rings, tiny, (camouflage
1), (gelatinous body 1), (nimble swimmer 1), (tentacles)
a: End Transformation, Renounce Religion, Depart the Abyss, Bend Space


You were on level 3 of the Dungeon.
You worshipped Lugonu.
Lugonu was pleased with you.
You were a venomous arachnid creature.
You visited 1 branch of the dungeon, and saw 3 of its levels.

You collected 66 gold pieces.

Inventory:

Hand Weapons
 b - a +0 hand axe
 e - a +0 long sword (melded)
Armour
 c - a +0 hat (melded)
Jewellery
 f - a ring of willpower
Scrolls
 a - a scroll of fog {unknown}
 d - a scroll of holy word {unknown}
 g - a scroll of blinking {unknown}
 i - a scroll of noise {unknown}
Potions
 h - a potion of brilliance {unknown}


   Skills:
 + Level 1.2 Fighting
 + Level 1.1 Axes
 + Level 2.4 Dodging
 + Level 1.1 Stealth
 + Level 3.7 Unarmed Combat
 + Level 2.5 Spellcasting
 + Level 2.2 Transmutations
 + Level 0.4 Poison Magic


You couldn't memorise any spells.
You knew the following spells:

 Your Spells              Type           Power      Damage    Failure   Level
a - Beastly Appendage     Tmut           16%        N/A       22%         1
b - Spider Form           Tmut/Pois      6%         N/A       56%         3
c - Ice Form              Ice/Tmut       5%         N/A       91%         4

Your spell library contained the following spells:

 Spells                   Type           Power      Damage    Failure   Level
 Wereblood                Tmut           8%         N/A       30%         2


Dungeon Overview and Level Annotations

Branches:
Dungeon (3/15)

Altars:
Lugonu


Innate Abilities, Weirdness & Mutations

You are a venomous arachnid creature.
You have poisonous fangs.
You are tiny and dextrous.
Your spellcasting is less reliable in this form.
Your armour is entirely melded.
You are incapable of wielding weapons or throwing items.
You cannot wear most types of armour.
((You are amphibious.))
You can wear up to eight rings at the same time.
((Your skin changes colour to match your surroundings (Stealth+).))
((Your rubbery body absorbs attacks. (AC +1, EV +1)))
((You are camouflaged when in or above water. (Stealth+)))
((You have tentacles for arms and can constrict up to eight enemies at once.))


Message History

You don't know that spell.
Casting: Spider Form (extremely dangerous; 34% risk of failure)
Confirm with . or Enter, or press ? or * to list all spells.
The spell is extremely dangerous to miscast (34% risk of failure)!
Continue anyway?
You turn into a venomous arachnid creature.
Your +0 long sword melds into your body.
Your +0 hat melds into your body.
The centaur wields a +0 shortbow.
The centaur shoots an arrow.
The arrow closely misses you.
Your transformation is almost over.
Found 6 poisoned darts.
The frilled lizard closely misses you.
A dart slug comes into view.
The frilled lizard completely misses you.
You closely miss the frilled lizard.
The centaur unwields a +0 shortbow.
The centaur hits you.
The centaur kicks you but does no damage.
The dart slug launches a dart at you. The slug dart hits you.
The frilled lizard completely misses you.
You closely miss the frilled lizard. The centaur hits you.
The centaur kicks you.
You bite the frilled lizard!
You kill the frilled lizard!
Lugonu accepts your kill.
The centaur hits you but does no damage.
The centaur barely misses you. The centaur hits you.
* * * LOW HITPOINT WARNING * * *
The centaur closely misses you. The centaur completely misses you.
The centaur kicks you.
* * * LOW HITPOINT WARNING * * *
You hit the centaur.
The centaur is poisoned.
The centaur is moderately wounded.
The centaur misses you. The centaur closely misses you.
The dart slug launches a dart at you. The slug dart hits you.
* * * LOW HITPOINT WARNING * * *
The centaur barely misses you. The centaur closely misses you.
You hit the centaur.
The centaur looks as sick as possible!
The centaur is heavily wounded.
The centaur hits you.
You die...

. .# #..# ##.#
# #..###..#
###.....##
#....####
#.[##.# #.. #.#
#. #.######## #
#........#
#.sc.....#
#..†.....#
w......!.w....#
.#####........#
#........#
#........#
#........#
#.......(#
##########


You could see a centaur (extremely poisoned) and a dart slug.

Vanquished Creatures
  2 adders (D:2)
  4 dart slugs
  5 bats
  4 endoplasms
  A giant cockroach (D:1)
  5 goblins
  5 hobgoblins
  8 jackals (D:1)
  2 quokkas (D:1)
  5 ball pythons
  A frilled lizard (D:3)
  3 kobolds
  6 rats
51 creatures vanquished.

Notes
Turn   | Place    | Note
-------+----------+-------------------------------------------
     0 | D:1      | cyrus the Octopode Transmuter began the quest for the Orb.
     0 | D:1      | Reached XP level 1. HP: 13/13 MP: 3/3
   546 | D:1      | Reached XP level 2. HP: 18/18 MP: 5/5
   994 | D:1      | Reached XP level 3. HP: 14/23 MP: 6/6
  1132 | D:1      | Learned a level 3 spell: Spider Form
  1838 | D:1      | Upgraded the game from 0.29-a0-8-g0446c0dae4 to
                  | 0.29-a0-9-g022ca4c890
  2308 | D:2      | Reached skill level 1 in Stealth
  2344 | D:2      | Reached skill level 1 in Axes
  2344 | D:2      | Reached XP level 4. HP: 15/28 MP: 7/7
  2632 | D:2      | Found a faded altar of an unknown god.
  3046 | D:2      | Prayed at the altar of an unknown god.
  3046 | D:2      | Became a worshipper of Lugonu the Unformed
  3046 | D:2      | Reached * piety under Lugonu
  3046 | D:2      | Reached ** piety under Lugonu
  3389 | D:2      | Learned a level 4 spell: Ice Form
  3780 | D:3      | Noticed a centaur
  3790 | D:3      | Slain by a centaur

Illustrated notes

Levels and vault maps discovered:
D:1:      kilobyte_arrival_exit_the_forest, layout_loops_ring,
          dk_noncrumbling_3, minmay_tetromino_s2
D:2:      layout_loops_cross, shapermc_ecumenical_altar_starsandcircs
D:3:      layout_rooms, mainiacjoe_overflow_tiny_flanked,
          nicolae_overflow_ecumenical_swirl

Skill      XL: |  1  2  3 |
---------------+----------+-----
Stealth        | 1 |  1.1
Axes           | 1 |  1.1
Fighting       | |  1.2
Dodging        | |  2.4
Unarmed Combat | |  3.7
Spellcasting   | |  2.5
Transmutations | |  2.2
Poison Magic   | |  0.4

Action                   |  1- 3 |  4- 6 || total
-------------------------+-------+-------++-------
Melee: Unarmed           |    24 |    18 ||    42
       Kick              |     6 |       ||     6
       Constrict         |    15 |     2 ||    17
       Tentacles         |    14 |     2 ||    16
       Hand axe          |    50 |       ||    50
       Long sword        |     1 |    19 ||    20
 Cast: Beastly Appendage |     7 |       ||     7
       Spider Form       |     5 |     4 ||     9
 Stab: Sleeping          |     3 |       ||     3
Armor: Skin              |    10 |     7 ||    17
Dodge: Dodged            |    64 |    55 ||   119

Table legend: (Time is in decaauts)
 A = Elapsed time spent in this place.
 B = Non-inter-level travel time spent in this place.
 C = Inter-level travel time spent in this place.
 D = Time resting spent in this place.
 E = Time spent auto-exploring this place.
 F = Levels seen in this place.
 G = Mean time per level.
                   A        B        C        D        E       F      G
               +--------+--------+--------+--------+--------+-----+--------+
         Total |   3808 |   3747 |     61 |   1691 |   1502 |   3 | 1269.3 |
       Dungeon |   3808 |   3747 |     61 |   1691 |   1502 |   3 | 1269.3 |
               +--------+--------+--------+--------+--------+-----+--------+

Top non-repeatable levels by time:
     D:1: 2303 daAuts
     D:2: 1431 daAuts
     D:3: 73 daAuts
